 Dungeon Crawl Stone Soup version 0.20.0-10-g0535bb4 (webtiles) character file.

3082 zkyp the Martial Artist (level 9, -5/63 HPs)
             Began as a Demonspawn Monk on June 7, 2017.
             Was a Priest of Makhleb.
             Slain by a two-headed ogre
             ... wielding a +0 giant club
              (17 damage)
             ... on level 8 of the Dungeon.
             The game lasted 00:15:02 (11470 turns).

zkyp the Martial Artist (Demonspawn Monk)          Turns: 11470, Time: 00:15:02

Health: -5/63      AC: 11    Str: 13    XL:     9   Next: 58%
Magic:  0/9        EV: 12    Int: 11    God:    Makhleb [***...]
Gold:   284        SH:  5    Dex: 16    Spells: 8/8 levels left

rFire    . . .     SeeInvis .     - Unarmed
rCold    . . .     Gourm    .   o - +0 buckler
rNeg     . . .     Faith    .   m - +0 chain mail
rPois    +         Spirit   +   (helmet restricted)
rElec    .         Reflect  .   (no cloak)
rCorr    .         Harm     .   g - +0 pair of gloves
MR       .....                  A - +0 pair of boots
Stlth    ..........             (no amulet)
Regen    0.2/turn               (no ring)
MPRegen  0.2/turn               u - ring of poison resistance

@: no status effects
A: antennae 1, claws 1, dopey 1, nightstalker 1, screaming 1, magic shield,
sturdy frame 3
a: Minor Destruction, Lesser Servant of Makhleb, Renounce Religion


You were on level 8 of the Dungeon.
You worshipped Makhleb.
Makhleb was most pleased with you.
You were not hungry.

You visited 1 branch of the dungeon, and saw 8 of its levels.
You also visited: Bailey.

You collected 464 gold pieces.
You spent 180 gold pieces at shops.

Inventory:

Missiles
 q - 12 tomahawks (quivered)
 y - 15 poisoned needles
Armour
 g - a +0 pair of gloves (worn)
 m - a +0 chain mail (worn)
 o - a +0 buckler (worn)
 A - a +0 pair of boots (worn)
Jewellery
 u - a ring of poison resistance (right hand)
 D - an uncursed ring of fire
 E - an uncursed ring of ice
Wands
 p - a wand of random effects (39/48)
 I - a wand of polymorph (7/24)
Scrolls
 c - 5 scrolls of remove curse {@r1}
 h - a scroll of random uselessness
 j - a scroll of enchant weapon {unknown}
 l - 3 scrolls of teleportation
 n - 2 scrolls of fear
 s - 2 scrolls of magic mapping
 t - a scroll of fog
 v - 2 scrolls of blinking {unknown}
 x - a scroll of recharging
 z - 2 scrolls of amnesia {unknown}
 H - a scroll of enchant armour {unknown}
 J - a scroll of noise {unknown}
Potions
 d - 2 potions of curing {@q1}
 e - a potion of cancellation
 f - 2 potions of resistance
 i - 2 potions of degeneration
 r - 3 potions of haste
 w - 2 potions of magic
 C - a potion of berserk rage {!q}
 G - a potion of agility
 K - a potion of heal wounds
 N - a potion of invisibility
Books
 F - a book of Air

   Spells                             Type                      Level
   a - Shock                          Conjuration/Air              1
   b - Swiftness                      Charms/Air                   2
   c - Static Discharge               Conjuration/Air              3
   d - Airstrike                      Air                          4
   e - Lightning Bolt                 Conjuration/Air              5
Comestibles
 a - 7 fruits
 b - 7 bread rations {@e1}
 k - 5 meat rations {@e2}
 B - a chunk of flesh


   Skills:
 - Level 3.0 Fighting
 + Level 2.5 Armour
 - Level 6.2 Dodging
 - Level 1.7 Stealth
 - Level 5.1 Shields
 - Level 9.6 Unarmed Combat


You had 8 spell levels left.
You didn't know any spells.

Dungeon Overview and Level Annotations

Branches:
Dungeon (8/15)             Temple (0/1) D:6
   Lair: D:8-11

Altars:
Makhleb
Vehumet
Xom
Yredelemnul
Zin

Shops:
D:8 *


Innate Abilities, Weirdness & Mutations

You have sharp fingernails.
You are slightly more attuned to the shadows.
When hurt, damage is shared between your health and your magic reserves.
Your movements are significantly less encumbered by armour. (ER -6)
You have a pair of small antennae on your head.
You are dopey. (Int -2)
You occasionally shout uncontrollably at your foes.


Message History

You are too injured to fight recklessly!
You are too injured to fight recklessly!
You are too injured to fight recklessly!
You are too injured to fight recklessly!
You are too injured to fight recklessly!
You are too injured to fight recklessly!
You are too injured to fight recklessly!
You are too injured to fight recklessly!
You are too injured to fight recklessly!
You are too injured to fight recklessly!
You are too injured to fight recklessly!
You are too injured to fight recklessly!
You barely miss the two-headed ogre.
The two-headed ogre is heavily wounded.
You barely miss the two-headed ogre.
The two-headed ogre is heavily wounded.
The two-headed ogre hits you with a giant club!!
* * * LOW HITPOINT WARNING * * *
The two-headed ogre hits you with a giant club!!
You die...

#.#..# #.#
######.#.(#####.##
...............>.#
#####.#..######.#####
#.#..# #......
#.#..######......
#.#.......#PP.P≈≈
.######.#.#####.#P≈..PP
.....O@(#.....#.##^..^P
#########.#...#.##^..≈#
#..)..#......#P.^≈#
#.#####.######≈..##
#.#..........#..≈#
#.#.###.####.#P.P#
#.#..........#..^#
#.####.########^.#
#............ #..#


You could see a two-headed ogre.

Vanquished Creatures
  Pikel (D:7)
  A steam dragon (D:8)
  3 ice beasts
  2 ogres
  A phantom (D:7)
  A necrophage (D:7)
  3 centaurs
  3 bullfrogs
  A scorpion (D:8)
  5 killer bees
  3 howler monkeys (D:7)
  A centaur zombie (D:7)
  A bullfrog zombie (D:5)
  4 orc priests
  3 hounds
  9 orc wizards
  A bullfrog skeleton (D:5)
  An iguana (D:8)
  Ijyb (D:3)
  8 worker ants
  2 hound zombies
  9 adders
  A gnoll (D:1)
  A shadow imp (D:6)
  An adder zombie (D:8)
  An adder skeleton (D:6)
  5 worms
  A dart slug (D:4)
  8 leopard geckos
  27 orcs
  7 giant cockroaches
  7 goblins
  5 hobgoblins
  13 jackals
  9 kobolds
  5 quokkas
  A ball python (D:2)
  5 bats
  A frilled lizard (D:3)
  7 rats
169 creatures vanquished.

Vanquished Creatures (others)
  A fungus (D:8)
1 creature vanquished.

Grand Total: 170 creatures vanquished

Notes
Turn   | Place    | Note
-------+----------+-------------------------------------------
     0 | D:1      | zkyp the Demonspawn Monk began the quest for the Orb.
     0 | D:1      | Reached XP level 1. HP: 18/18 MP: 1/1
   164 | D:1      | Reached skill level 3 in Unarmed Combat
   164 | D:1      | Gained mutation: Your movements are slightly less encumbered by armour. (ER -2) [demonic ancestry]
   164 | D:1      | Reached XP level 2. HP: 11/24 MP: 2/2
   787 | D:1      | Reached XP level 3. HP: 24/29 MP: 3/3
  1187 | D:1      | Reached skill level 4 in Unarmed Combat
  2325 | D:3      | Gained mutation: You are slightly more attuned to the shadows. [demonic ancestry]
  2325 | D:3      | Reached XP level 4. HP: 24/35 MP: 4/4
  2926 | D:3      | Noticed Ijyb
  2948 | D:3      | Killed Ijyb
  2948 | D:3      | Reached skill level 1 in Shields
  3474 | D:3      | Gained mutation: Your movements are less encumbered by armour. (ER -4) [demonic ancestry]
  3474 | D:3      | Reached XP level 5. HP: 40/41 MP: 5/5
  4712 | D:5      | Entered Level 5 of the Dungeon
  4721 | D:5      | Noticed a centaur
  4740 | D:5      | Killed a centaur
  4740 | D:5      | Gained mutation: Your movements are significantly less encumbered by armour. (ER -6) [demonic ancestry]
  4740 | D:5      | Reached XP level 6. HP: 24/47 MP: 6/6
  6130 | D:5      | Reached skill level 5 in Shields
  6553 | D:5      | Reached skill level 5 in Unarmed Combat
  6553 | D:5      | Reached XP level 7. HP: 42/52 MP: 7/7
  6656 | D:5      | Found a burning altar of Makhleb.
  6738 | D:5      | Became a worshipper of Makhleb the Destroyer
  6738 | D:5      | Reached * piety under Makhleb
  6738 | D:5      | Reached ** piety under Makhleb
  7293 | D:5      | Reached skill level 6 in Unarmed Combat
  8062 | D:6      | Reached skill level 7 in Unarmed Combat
  8062 | D:6      | Gained mutation: You have sharp fingernails. [demonic ancestry]
  8062 | D:6      | Reached XP level 8. HP: 56/58 MP: 8/8
  8171 | D:6      | Found a staircase to the Ecumenical Temple.
  9014 | D:7      | Reached skill level 8 in Unarmed Combat
  9070 | D:7      | Found a flagged portal.
  9207 | Bailey   | Entered a bailey
  9568 | D:7      | Reached skill level 9 in Unarmed Combat
  9903 | D:7      | Found a basalt altar of Yredelemnul.
  9903 | D:7      | Found a shimmering altar of Xom.
  9920 | D:7      | Noticed Pikel
  9935 | D:7      | Killed Pikel
  9935 | D:7      | Gained mutation: When hurt, damage is shared between your health and your magic reserves. [demonic ancestry]
  9935 | D:7      | Reached XP level 9. HP: 63/63 MP: 9/9
 10123 | D:7      | Found a radiant altar of Vehumet.
 10149 | D:7      | Reached skill level 5 in Dodging
 10150 | D:7      | Found a glowing silver altar of Zin.
 10568 | D:8      | Found Eghykler's General Store.
 10575 | D:8      | Bought a scroll of fear for 42 gold pieces
 10575 | D:8      | Bought a scroll of magic mapping for 42 gold pieces
 10575 | D:8      | Bought a potion of invisibility for 96 gold pieces
 10837 | D:8      | Reached *** piety under Makhleb
 10985 | D:8      | Reached skill level 1 in Armour
 10992 | D:8      | Gained mutation: You are weak. (Str -2) [potion of mutation]
 10992 | D:8      | Gained mutation: Your spells are a little harder to cast, but a little more powerful. [potion of mutation]
 10993 | D:8      | Lost mutation: You are weak. (Str -2) [potion of mutation]
 10993 | D:8      | Lost mutation: Your spells are a little harder to cast, but a little more powerful. [potion of mutation]
 10993 | D:8      | Gained mutation: You are dopey. (Int -2) [potion of mutation]
 10993 | D:8      | Gained mutation: You occasionally shout uncontrollably at your foes. [potion of mutation]
 10993 | D:8      | Gained mutation: You have a pair of small antennae on your head. [potion of mutation]
 11460 | D:8      | Noticed a two-headed ogre
 11470 | D:8      | Slain by a two-headed ogre

Skill      XL: |  1  2  3  4  5  6  7  8  9 |
---------------+----------------------------+-----
Unarmed Combat | 3 4 5 7 9 |  9.6
Shields        | 1 3 5 |  5.1
Dodging        | 4 6 |  6.2
Armour         | 2 |  2.5
Fighting       | |  3.0
Stealth        | |  1.7

Action                   |  1- 3 |  4- 6 |  7- 9 || total
-------------------------+-------+-------+-------++-------
Melee: Unarmed           |   163 |   370 |   490 ||  1023
       Punch             |     2 |       |       ||     2
Throw: Tomahawk          |       |       |     2 ||     2
Evoke: Wand              |       |       |     4 ||     4
  Use: Potion            |       |     4 |     3 ||     7
       Scroll            |       |     6 |     8 ||    14
 Stab: Sleeping          |     3 |     7 |       ||    10
  Eat: Chunk             |     4 |    10 |     4 ||    18
       Royal jelly       |       |     2 |     1 ||     3
       Meat ration       |       |       |     2 ||     2
Armor: Robe              |    33 |    35 |       ||    68
       Ring mail         |       |    23 |    32 ||    55
       Leather armour    |       |    11 |       ||    11
       Chain mail        |       |       |   115 ||   115
       Skin              |       |       |     7 ||     7
Dodge: Dodged            |   115 |   149 |   202 ||   466
Block: Buckler           |     1 |    70 |    98 ||   169
